 Dungeon Crawl Stone Soup version 0.24.1-14-gf8d2b509d9 (webtiles) character file.

Game seed: 2698669915032512947, levelgen mode: deterministic

7884 Talloween the Carver (level 11, -4/86 HPs)
             Began as a Human Artificer on Jan 1, 2021.
             Was a Priest of Dithmenos.
             Slain by a death yak (28 damage)
             ... on level 11 of the Dungeon.
             The game lasted 00:37:09 (15188 turns).

Talloween the Carver (Human Artificer)             Turns: 15188, Time: 00:37:09

Health: -4/86      AC: 10    Str: 16    XL:     11   Next: 45%
Magic:  22/22      EV: 12    Int: 11    God:    Dithmenos [***...]
Gold:   785        SH:  0    Dex: 14    Spells: 9/10 levels left

rFire    . . .     SeeInvis .   u - +0 great sword
rCold    . . .     Gourm    +   (shield currently unavailable)
rNeg     . . .     Faith    .   r - +2 robe {MR+}
rPois    .         Spirit   .   w - +0 helmet
rElec    .         Reflect  .   l - +0 cloak
rCorr    .         Harm     .   o - +2 pair of gloves
MR       +....                  (no boots)
Stlth    ++++......             E - amulet of the gourmand
HPRegen  0.24/turn              p - ring of magical power
MPRegen  0.18/turn              A - +1 ring of protection

@: wreathed by umbra
A: no striking features
a: Shadow Step, Renounce Religion


You were on level 11 of the Dungeon.
You worshipped Dithmenos.
Dithmenos was most pleased with you.
You were not hungry.

You visited 2 branches of the dungeon, and saw 12 of its levels.

You collected 785 gold pieces.

Inventory:

Hand Weapons
 u - a +0 great sword (weapon)
Missiles
 b - 14 poisoned darts (quivered)
 g - 5 javelins
 k - 18 boomerangs
 x - a throwing net
Armour
 l - a +0 cloak (worn)
 n - a +0 shield
 o - a +2 pair of gloves (worn)
 r - a +2 robe of magic resistance (worn)
 w - a +0 helmet (worn)
Jewellery
 p - a ring of magical power (left hand)
 s - an uncursed ring of ice
 A - a +1 ring of protection (right hand)
 E - an amulet of the gourmand (around neck)
Wands
 a - a wand of acid (9)
 q - a wand of polymorph (3)
 B - a wand of random effects (21)
 C - a wand of scattershot (1)
Scrolls
 e - 3 scrolls of immolation
 h - a scroll of amnesia
 j - 2 scrolls of teleportation
 t - a scroll of fog
 v - 4 scrolls of remove curse
 z - 2 scrolls of identify
Potions
 c - 3 potions of brilliance
 d - a potion of lignification
 i - 2 potions of haste
 m - a potion of flight
Comestibles
 f - 15 rations


   Skills:
 - Level 8.0 Fighting
   Level 1.0(9.2) Short Blades
 + Level 13.7(13.8) Long Blades
 - Level 2.0 Dodging
 - Level 5.0 Stealth
 - Level 3.0 Evocations


You had 9 spell levels left.
You knew the following spells:

 Your Spells              Type           Power        Failure   Level  Hunger
a - Animate Skeleton      Necr           N/A          34%         1    ##.....

Your spell library contained the following spells:

 Spells                   Type           Power        Failure   Level  Hunger
 Beastly Appendage        Tmut           #.....       34%         1    ##.....
 Confusing Touch          Hex            #.....       34%         1    ##.....
 Pain                     Necr           #...         34%         1    ##.....
 Sticks to Snakes         Tmut           #.......     47%         2    ###....
 Confuse                  Hex            #.......     71%         3    ####...
 Gell's Gravitas          Tloc           #.........   71%         3    ####...
 Regeneration             Chrm/Necr      #.........   71%         3    ####...
 Spider Form              Tmut/Pois      #.........   71%         3    ####...
 Vampiric Draining        Necr           #.........   71%         3    ####...
 Animate Dead             Necr           N/A          98%         4    #####..
 Ice Form                 Ice/Tmut       #.......     98%         4    #####..
 Petrify                  Tmut/Erth      #.......     98%         4    #####..
 Blade Hands              Tmut           #.........   100%        5    ######.
 Metabolic Englaciation   Hex/Ice        #.........   100%        5    ######.
 Yara's Violent Unravell  Hex/Tmut       #.........   100%        5    ######.


Dungeon Overview and Level Annotations

Branches:
Dungeon (11/15)            Temple (1/1) D:4
   Lair: D:8-11         Orc: D:9-12

Altars:
Ashenzari
Cheibriados
Dithmenos
Elyvilon
Fedhas
Gozag
Hepliaklqana
Kikubaaqudgha
Makhleb
Nemelex Xobeh
Okawaru
Qazlal
Ru
Sif Muna
Trog
Uskayaw
Vehumet
Wu Jian
Xom
Yredelemnul
Zin
The Shining One

Shops:
D:9 (

Annotations:
D:3 Edmund
D:9 !Fucken run
D:10 1 runed translucent door, Biylee Zero's ghost, journeyman DEFE


Message History

The bolt of acid hits the death yak!
The death yak is splashed with acid.
The death yak is heavily wounded.
The bolt of acid hits the death yak!
The death yak is splashed with acid.
The acid corrodes the death yak!
The death yak is moderately wounded.
The death yak gores you!!
* * * LOW HITPOINT WARNING * * *
You feel better. The death yak barely misses you.
Okay, then.
Your soldier ant barely misses the death yak.
The wight barely misses your soldier ant.
Okay, then.
Okay, then.
The death yak looks more healthy.
The death yak snorts and paws the ground.
You see here a kobold skeleton.
You see here a +1 short sword of electrocution.
There is a stone staircase leading up here.
The death yak gores you!!
You die...

...'.........a#...#...#
...########.#รท......#.##
#'###....#..#)###......##
#.# #.##.#..#a###.......#
.<# #.##>#..#.Y.........#
..###.##.#+######Y....).#
......#...............#.#
..####......####Y...#.# #
.....+......+...@...#.#
######......##.#....# #
...............#......#
..#.############...####
..#.................
#..<.....#########...
'............... .##.
#........####### .# ..
#........#


You could see 2 death yaks.

Vanquished Creatures
  An unseen horror (D:7)
  3 hippogriffs
  Sigmund (D:3)
  A yak (D:11)
  2 ice beasts (D:10)
  Duvessa (D:5)
  3 sky beasts
  2 orc warriors
  A black bear (D:7)
  2 phantoms (D:8)
  9 ogres
  5 centaurs
  3 big kobolds
  9 bullfrogs
  4 orc priests
  Dowan (D:5)
  6 scorpions
  6 wights
  9 killer bees
  A howler monkey (D:4)
  A bullfrog zombie (D:5)
  2 centaur zombies (D:8)
  2 jellies
  5 crimson imps
  A hound (D:8)
  A centaur skeleton (D:10)
  6 orc wizards
  A gnoll shaman (D:6)
  Crazy Yiuf (D:2)
  2 iguanas
  9 worker ants
  Ijyb (D:3)
  Terence (D:2)
  A hound zombie (D:5)
  A worker ant zombie (D:11)
  9 adders
  8 gnolls
  A howler monkey skeleton (D:4)
  2 shadow imps (D:6)
  3 oozes
  An adder skeleton (D:8)
  3 worms
  2 dart slugs (D:1)
  4 leopard geckos
  20 orcs
  6 giant cockroaches
  4 goblins
  8 hobgoblins
  10 jackals
  18 kobolds
  2 quokkas
  3 bats (D:1)
  3 frilled lizards
  A jackal skeleton (D:7)
  A leopard gecko skeleton (D:4)
  A quokka skeleton (D:6)
  5 rats
220 creatures vanquished.

Vanquished Creatures (collateral kills)
  3 death yaks (D:11)
  A yak (D:11)
  A wight (D:11)
  A howler monkey (D:4)
  An orc wizard (D:4)
  A gnoll shaman (D:4)
  A hound skeleton (D:4)
  A gnoll (D:4)
  4 orcs
  A rat (D:1)
15 creatures vanquished.

Vanquished Creatures (others)
  A dart slug (D:2)
  An orc (D:7)
  A kobold (D:1)
  2 withered plants (D:10)
5 creatures vanquished.

Grand Total: 240 creatures vanquished

Notes
Turn   | Place    | Note
-------+----------+-------------------------------------------
     0 | D:1      | Talloween the Human Artificer began the quest for the Orb.
     0 | D:1      | Reached XP level 1. HP: 15/15 MP: 3/3
    38 | D:1      | Reached XP level 2. HP: 15/22 MP: 4/4
   366 | D:1      | Reached XP level 3. HP: 3/28 MP: 5/5
  1399 | D:2      | Found a shimmering blue altar of Sif Muna.
  1424 | D:2      | Reached XP level 4. HP: 17/35 MP: 6/6
  1822 | D:2      | Found a runed translucent door.
  1823 | D:2      | Noticed Crazy Yiuf
  2072 | D:2      | Noticed Terence
  2114 | D:2      | Killed Terence
  2332 | D:2      | Killed Crazy Yiuf
  2332 | D:2      | Reached XP level 5. HP: 43/43 MP: 7/7
  2861 | D:3      | Noticed Ijyb
  2865 | D:3      | Killed Ijyb
  2865 | D:3      | Reached skill level 5 in Fighting
  2866 | D:3      | Noticed Sigmund
  3012 | D:3      | Killed Sigmund
  3012 | D:3      | Reached XP level 6. HP: 53/53 MP: 8/8
  3161 | D:3      | Noticed an ogre
  3165 | D:3      | an ogre changed into a bullfrog
  3167 | D:3      | Reached XP level 7. HP: 52/59 MP: 9/9
  3693 | D:3      | Reached skill level 1 in Long Blades
  3984 | D:4      | Reached skill level 2 in Long Blades
  3985 | D:4      | Reached XP level 8. HP: 38/68 MP: 10/10
  3998 | D:4      | Noticed Edmund
  4266 | D:3      | Reached skill level 3 in Long Blades
  4507 | D:4      | Noticed a two-headed ogre
  4808 | D:4      | Reached skill level 4 in Long Blades
  5031 | D:4      | Found a staircase to the Ecumenical Temple.
  5093 | D:4      | Found a shadowy altar of Dithmenos.
  5465 | Temple   | Entered the Ecumenical Temple
  5485 | D:5      | Entered Level 5 of the Dungeon
  5730 | D:5      | Reached skill level 5 in Long Blades
  5993 | D:4      | Reached skill level 6 in Long Blades
  6871 | D:5      | Reached XP level 9. HP: 69/74 MP: 11/11
  7102 | D:5      | Found a stormy altar of Qazlal.
  7121 | D:5      | Noticed Dowan
  7124 | D:5      | Noticed Duvessa
  7133 | D:5      | Killed Dowan
  7139 | D:5      | Killed Duvessa
  7139 | D:5      | Reached skill level 7 in Long Blades
  7472 | D:4      | Became a worshipper of Dithmenos the Shadowed
  7908 | D:6      | Got a pair of fine boots
  7913 | D:6      | Identified the +3 pair of boots of Divine Intervention
                  | {rElec rC- MR- Stlth+} (You found it on level 6 of the
                  | Dungeon)
  7962 | D:6      | Reached skill level 8 in Long Blades
  9090 | D:6      | Reached skill level 9 in Long Blades
  9469 | D:6      | Identified a scroll of acquirement
  9714 | D:7      | Reached * piety under Dithmenos
 10463 | D:7      | Noticed a hippogriff
 10472 | D:7      | Reached skill level 10 in Long Blades
 10476 | D:7      | Killed a hippogriff
 10476 | D:7      | Reached XP level 10. HP: 80/80 MP: 12/12
 10667 | D:7      | Killed an unseen horror
 10667 | D:7      | Reached skill level 11 in Long Blades
 11214 | D:8      | Reached skill level 12 in Long Blades
 11319 | D:8      | Reached ** piety under Dithmenos
 11497 | D:8      | Found a sparkling altar of Nemelex Xobeh.
 11795 | D:8      | HP: 4/80 [poisoned by a scorpion]
 11801 | D:8      | HP: 2/80 [poisoned by a scorpion]
 11808 | D:8      | HP: 2/80 [poisoned by a scorpion]
 12276 | D:8      | Found an ancient bone altar of Kikubaaqudgha.
 12535 | D:9      | Found Pankasit's Antique Weapon Shop.
 13461 | D:9      | Noticed an ice dragon
 13461 | D:9      | a large slime creature changed into an ice dragon
 13461 | D:9      | Noticed a glowing shapeshifter
 13461 | D:9      | a slime creature changed into a glowing shapeshifter
 13461 | D:9      | Noticed a death yak
 13461 | D:9      | a slime creature changed into a death yak
 13461 | D:9      | Noticed an ice dragon
 13461 | D:9      | a slime creature changed into an ice dragon
 13462 | D:9      | Noticed a faun
 13462 | D:9      | a glowing shapeshifter changed into a faun
 13467 | D:10     | Entered Level 10 of the Dungeon
 13472 | D:10     | Reached XP level 11. HP: 74/86 MP: 13/13
 14147 | D:10     | Found a runed translucent door.
 14147 | D:10     | Noticed Biylee Zero's ghost (journeyman DEFE)
 14323 | D:10     | Reached skill level 13 in Long Blades
 14645 | D:10     | Learned a level 1 spell: Animate Skeleton
 14853 | D:11     | Reached *** piety under Dithmenos
 14983 | D:11     | Reached skill level 5 in Stealth
 15104 | D:11     | Noticed a death yak
 15108 | D:11     | Noticed a death yak
 15109 | D:11     | Noticed a death yak
 15128 | D:11     | Noticed a death yak
 15128 | D:11     | Noticed a death yak
 15132 | D:11     | Killed a death yak
 15141 | D:11     | Killed a death yak
 15146 | D:11     | Killed a death yak
 15188 | D:11     | Slain by a death yak

Levels and vault maps discovered:
D:1:      enne_arrival_octagon_isle, layout_loops_ring
D:2:      layout_rooms, overflow_temple_1_default, bh_chokoban, uniq_terence,
          uniq_crazy_yiuf_cottage
D:3:      layout_rooms, first_ration, minmay_misc_feat_five, uniq_ijyb,
          uniq_sigmund
D:4:      layout_cave_pools, nicolae_dithmenos_the_darkroom,
          minmay_temple_entry_junction, enter_ossuary_2, uniq_edmund
D:5:      layout_layer_cave, overflow_temple_1_default, dk_noncrumbling_3,
          uniq_duvessa
D:6:      layout_cave_pods, minmay_quadrilaterals
D:7:      layout_basic
D:8:      layout_basic, lemuel_doored_altar, basic_altar, hangedman_decor_lopped
D:9:      layout_irregular_city, serial_shops, shop, uniq_erica
D:10:     layout_basic, gammafunk_ghost_grave
D:11:     layout_basic, dpeg_lair_monsters, uniq_harold
Temple:   nicolae_temple_no_exploring_needed

Skill      XL: |  1  2  3  4  5  6  7  8  9 10 11 |
---------------+----------------------------------+-----
Fighting       | 2 3 4 6 7 8 |  8.0
Long Blades    | 2 6 10 12 13 | 13.7
Stealth        | 2 5 |  5.0
Short Blades   | |  1.0
Dodging        | |  2.0
Evocations     | |  3.0

Action                   |  1- 3 |  4- 6 |  7- 9 | 10-12 || total
-------------------------+-------+-------+-------+-------++-------
Melee: Short sword       |   130 |    63 |    29 |       ||   222
       Falchion          |       |       |   295 |       ||   295
       Long sword        |       |       |   116 |   272 ||   388
       Great sword       |       |       |       |    50 ||    50
Throw: Boomerang         |       |       |    14 |       ||    14
       Dart              |       |       |     8 |       ||     8
       Javelin           |       |       |     4 |       ||     4
Evoke: Wand              |     7 |    29 |    30 |    24 ||    90
       Sack of spiders   |       |       |       |     5 ||     5
  Use: Scroll            |     4 |     2 |     8 |     5 ||    19
       Potion            |     1 |     2 |    13 |     2 ||    18
 Stab: Betrayed ally     |       |     1 |       |       ||     1
       Paralysed         |       |       |    14 |       ||    14
       Distracted        |       |       |     1 |       ||     1
       Sleeping          |       |       |     3 |     5 ||     8
       Confused          |       |       |       |     1 ||     1
  Eat: Chunk             |     2 |     5 |    17 |     9 ||    33
       Ration            |       |       |     2 |     2 ||     4
Armor: Leather armour    |    34 |    16 |    81 |       ||   131
       Robe              |       |       |    40 |   121 ||   161
       Skin              |       |       |    13 |       ||    13
Dodge: Dodged            |    94 |    37 |   297 |   141 ||   569
Block: Shield            |       |       |    53 |    86 ||   139
       Rpst.: Falchion   |       |       |    86 |       ||    86
       Long sword        |       |       |    13 |    32 ||    45
       Great sword       |       |       |       |     6 ||     6
